 Dungeon Crawl Stone Soup version 0.27-a0-1299-g1ab19c6527 (webtiles) character file.

Game seed: 7676284793014572163

10369 karkarkar the Protected (level 11, -8/97 HPs)
             Began as a Minotaur Berserker on June 16, 2021.
             Was an Elder of Trog.
             Mangled by a minotaur (21 damage)
             ... in a Gauntlet.
             The game lasted 00:34:28 (13171 turns).

karkarkar the Protected (Minotaur Berserker)       Turns: 13171, Time: 00:34:28

Health: -8/97      AC: 17    Str: 25    XL:     11   Next: 35%
Magic:  10/10      EV: 13    Int:  4    God:    Trog [****..]
Gold:   515        SH:  0    Dex: 10    Spells: 10/10 levels left

rFire    . . .     SeeInvis +   n - +3 flail (flame)
rCold    . . .     Faith    .   (no shield)
rNeg     + . .     Spirit   .   s - +0 plate armour
rPois    .         Reflect  .   (helmet restricted)
rElec    .         Harm     .   (no cloak)
rCorr    +         Rampage  .   C - +0 pair of gloves
Will     ++...     NoTele   +   (no boots)
Stlth    ..........             (no amulet)
HPRegen  1.26/turn              O - ring of Altruism {rN+ EV+4 SInv}
MPRegen  0.12/turn              z - ring of resist corrosion

@: strong-willed, regenerating
A: horns 2, retaliatory headbutt
a: Renounce Religion, Berserk, Trog's Hand, Brothers in Arms


You were in a Gauntlet.
You worshipped Trog.
Trog was greatly pleased with you.
You visited 1 branch of the dungeon, and saw 11 of its levels.
You also visited: Gauntlet.

You collected 545 gold pieces.
You spent 30 gold pieces at shops.

Inventory:

Hand Weapons
 l - a +0 vorpal flail
 n - a +3 flail of flaming (weapon)
 v - a +2 flail of holy wrath
 G - a +2 scimitar of flaming
 M - a +2 vorpal flail
Missiles
 B - 4 datura-tipped darts (quivered)
Armour
 s - a +0 plate armour (worn)
 u - a +0 tower shield
 C - a +0 pair of gloves (worn)
 P - a +2 ring mail of fire resistance
Jewellery
 c - a +6 ring of intelligence
 k - a +4 ring of protection
 z - a ring of resist corrosion (right hand)
 O - the ring of Altruism (left hand) {rN+ EV+4 SInv}
   (You found it in a Gauntlet)

   [ring of evasion]

   It affects your evasion (+4).
   It protects you from negative energy.
   It lets you see invisible.
Wands
 p - a wand of acid (13)
 q - a wand of flame (43)
 t - a wand of iceblast (26)
 D - a wand of paralysis (7)
Scrolls
 a - 3 scrolls of blinking
 e - a scroll of enchant weapon
 f - a scroll of fog {unknown}
 g - a scroll of brand weapon
 h - a scroll of immolation
 i - 6 scrolls of teleportation
 r - 2 scrolls of magic mapping
 y - a scroll of summoning {unknown}
 E - a scroll of fear {unknown}
 K - a scroll of amnesia {unknown}
 N - a scroll of enchant armour {unknown}
Potions
 d - a potion of might
 j - 4 potions of mutation
 m - a potion of haste
 o - a potion of invisibility
 w - 2 potions of lignification
 x - a potion of brilliance {unknown}
 A - 2 potions of flight
 H - a potion of cancellation {unknown}
 I - 3 potions of magic
 L - 4 potions of ambrosia


   Skills:
 + Level 9.3 Fighting
 + Level 5.4(10.0) Axes
 + Level 12.7(13.1) Maces & Flails
 + Level 12.7 Armour
 + Level 4.8 Dodging
 + Level 2.2 Stealth
 + Level 0.2 Evocations


You had 10 spell levels left.
You didn't know any spells.
Your spell library was empty.

Dungeon Overview and Level Annotations

Branches:
Dungeon (11/15)            Temple (0/1) D:7            Lair (0/6) D:11
Gauntlet (1/1)
    Orc: D:9-12

Altars:
Cheibriados
Fedhas
Kikubaaqudgha
Nemelex Xobeh
Okawaru
Trog
Wu Jian
Yredelemnul
Zin

Shops:
D:9 *

Annotations:
Gauntlet 7 transporters, 3 runed translucent doors, exclusion: oklob plant


Innate Abilities, Weirdness & Mutations

You have a pair of horns on your head.
You reflexively headbutt those who attack you in melee.


Message History

The minotaur gores you!
You hit the minotaur. You burn the minotaur. You headbutt the minotaur.
The minotaur is severely wounded.
The minotaur hits you with a +1 short sword of holy wrath!
* * * LOW HITPOINT WARNING * * *
The minotaur gores you.
* * * LOW HITPOINT WARNING * * *
Blink to where?
Press: ? - help, Dir - move target, p - minotaur
As you read the scroll of blinking, it crumbles to dust.
You feel better.
You feel the effects of Trog's Hand fading.
Your skin stops crawling.
You feel less strong-willed.
The minotaur throws a silver javelin.
The silver javelin pierces through you but does no damage.
The minotaur throws a silver javelin.
The silver javelin misses you.
The minotaur throws a silver javelin.
The silver javelin pierces through you but does no damage.
Your skin crawls.
You feel strong-willed. The minotaur barely misses you. x2
The minotaur throws a silver javelin.
The silver javelin pierces through you!
* * * LOW HITPOINT WARNING * * *
The minotaur throws a silver javelin.
The silver javelin completely misses you.
The minotaur closely misses you. You furiously retaliate!
You headbutt the minotaur, but do no damage.
The minotaur gores you.
* * * LOW HITPOINT WARNING * * *
You hit the minotaur. You burn the minotaur. You headbutt the minotaur!
The minotaur is heavily wounded.
The minotaur hits you with a +1 short sword of holy wrath!
* * * LOW HITPOINT WARNING * * *
The minotaur gores you but does no damage.
You hit the minotaur but do no damage.
The minotaur is heavily wounded.
Your plate armour prevents you from hitting the minotaur.
The minotaur is heavily wounded.
The minotaur hits you with a +1 short sword of holy wrath!!
You die...

##.P.###### ##≈.♣.......
#####≈≈...######
#...##≈...#.....
########.♣.###...#!###+
#..........##..♣.#.#≈..
##.##.###.♣.#..PP.#©#≈©.
#8..........#.♣...#!#≈..
#.....#@#.©.#.P...#=###+
#######.#H#...#.....#Bs...
[8[8.8#...#H©.#.....######
......(.###...#..∩........
|8/8.8#...#.©.#.....######
#######.#.#...#.....###...
#.....#.#.©.#.....###...
#8..........#.♣P..##.##+
##.##.###.♣.#.....#©.#©#


You could see a minotaur.

Vanquished Creatures
  2 boulder beetles
  A two-headed ogre (D:10)
  Erica (D:8)
  A large abomination (Gauntlet)
  Pikel (D:6)
  A manticore (D:10)
  A gargoyle (D:11)
  A troll (D:9)
  2 wolf spider simulacra (Gauntlet)
  A centaur simulacrum (Gauntlet)
  A shadow (D:11)
  A wraith (D:10)
  Menkaure (D:7)
  An acid dragon (Gauntlet)
  A harpy simulacrum (Gauntlet)
  3 water moccasins
  5 black bears
  A sky beast (D:6)
  An ice beast (D:7)
  An orc warrior (D:7)
  3 ogres (D:6)
  7 centaurs
  3 phantoms
  A lemure (D:6)
  A kobold brigand (D:9)
  A bullfrog (D:3)
  A gnoll sergeant (D:8)
  2 scorpions
  2 wyvern skeletons
  A hornet simulacrum (Gauntlet)
  A water moccasin skeleton (D:4)
  4 small abominations (Gauntlet)
  6 killer bees (D:9)
  3 electric eels (D:10)
  A howler monkey (D:8)
  3 centaur zombies
  3 hounds
  2 jellies
  Crazy Yiuf (D:4)
  7 orc priests
  A bullfrog skeleton (D:6)
  A gnoll shaman (D:8)
  3 iguanas
  6 orc wizards
  Ijyb (D:3)
  9 gnolls
  8 adders
  A shadow imp (D:7)
  2 white imps (D:6)
  An ufetubus (D:5)
  An adder zombie (D:4)
  A dart slug (D:4)
  32 orcs
  7 ball pythons
  11 endoplasms
  A giant cockroach (D:3)
  13 goblins
  2 hobgoblins
  11 jackals
  12 kobolds
  7 quokkas
  8 bats
  5 frilled lizards
  3 rats
228 creatures vanquished.

Vanquished Creatures (others)
  7 plants
7 creatures vanquished.

Grand Total: 235 creatures vanquished

Notes
Turn   | Place    | Note
-------+----------+-------------------------------------------
     0 | D:1      | karkarkar the Minotaur Berserker began the quest for the
                  | Orb.
     0 | D:1      | Reached XP level 1. HP: 19/19 MP: 0/0
   367 | D:1      | Reached XP level 2. HP: 13/27 MP: 1/1
  1403 | D:2      | Reached XP level 3. HP: 29/33 MP: 2/2
  1568 | D:2      | Reached ** piety under Trog
  1802 | D:2      | Found a faded altar of an unknown god.
  2351 | D:3      | Reached XP level 4. HP: 40/40 MP: 3/3
  2625 | D:3      | Found an iron altar of Okawaru.
  2626 | D:3      | Found a bloodstained altar of Trog.
  2654 | D:3      | Noticed a bullfrog
  2657 | D:3      | Killed a bullfrog
  2658 | D:3      | Reached skill level 5 in Axes
  2658 | D:3      | Reached XP level 5. HP: 44/47 MP: 4/4
  2809 | D:3      | Found a sparkling altar of Nemelex Xobeh.
  2811 | D:3      | Found a blossoming altar of Fedhas.
  3213 | D:3      | Reached *** piety under Trog
  3350 | D:3      | Noticed Ijyb
  3364 | D:3      | Killed Ijyb
  3709 | D:4      | Noticed a phantom
  3729 | D:4      | Reached skill level 1 in Maces & Flails
  3729 | D:4      | Reached XP level 6. HP: 36/55 MP: 5/5
  3740 | D:4      | Reached skill level 5 in Fighting
  3971 | D:4      | You fall into a shaft and drop 1 floor!
  3971 | D:5      | Entered Level 5 of the Dungeon
  4375 | D:5      | Reached skill level 5 in Armour
  4375 | D:5      | Reached XP level 7. HP: 61/61 MP: 6/6
  4836 | D:4      | Reached skill level 1 in Stealth
  5089 | D:4      | Found an ancient bone altar of Kikubaaqudgha.
  5089 | D:4      | Found a glowing silver altar of Zin.
  5208 | D:4      | Found a runed translucent door.
  5209 | D:4      | Noticed Crazy Yiuf
  5347 | D:4      | Killed Crazy Yiuf
  5513 | D:6      | Found a basalt altar of Yredelemnul.
  5591 | D:6      | Reached skill level 5 in Maces & Flails
  5676 | D:6      | Reached XP level 8. HP: 63/70 MP: 7/7
  6636 | D:7      | Noticed Pikel
  6650 | D:6      | Killed Pikel
  6651 | D:6      | Reached XP level 9. HP: 46/78 MP: 8/8
  7072 | D:7      | Noticed a boulder beetle
  7098 | D:7      | Killed a boulder beetle
  7099 | D:7      | Reached skill level 10 in Maces & Flails
  7543 | D:7      | Found a staircase to the Ecumenical Temple.
  7634 | D:7      | Reached skill level 10 in Armour
  7639 | D:7      | Noticed Menkaure
  7650 | D:7      | Killed Menkaure
  7797 | D:7      | Reached XP level 10. HP: 61/86 MP: 9/9
  8211 | D:8      | Reached **** piety under Trog
  8367 | D:8      | Found an ornate altar of the Wu Jian Council.
  8405 | D:8      | Noticed Erica
  8420 | D:8      | Killed Erica
  8767 | D:8      | Identified the +1 robe of the Bagpipe {rPois}
  8793 | D:8      | Identified the +10 war axe "Pic Gitz" {pain, *Rage rF+
                  | Stlth+}
  9973 | D:9      | Found Fuakhlate's General Store.
  9978 | D:9      | Bought a scroll of identify for 30 gold pieces
 10065 | D:9      | Found a snail-covered altar of Cheibriados.
 10537 | D:10     | Entered Level 10 of the Dungeon
 10580 | D:10     | Noticed a two-headed ogre
 10603 | D:10     | Killed a two-headed ogre
 11004 | D:10     | Noticed a manticore
 11011 | D:10     | Killed a manticore
 11341 | D:10     | Noticed a boulder beetle
 11363 | D:10     | Killed a boulder beetle
 11364 | D:10     | Reached XP level 11. HP: 49/97 MP: 10/10
 12205 | D:11     | Found a gate leading to a gauntlet.
 12223 | Gauntlet | Entered a Gauntlet
 12223 | Gauntlet | Found a transporter.
 12223 | Gauntlet | Found a runed translucent gate.
 12223 | Gauntlet | Found a runed translucent gate.
 12223 | Gauntlet | Noticed an oklob plant
 12317 | Gauntlet | Found a runed translucent gate.
 12322 | Gauntlet | Found a transporter.
 12325 | Gauntlet | Found a transporter.
 12336 | Gauntlet | Found a transporter.
 12339 | Gauntlet | Found a transporter.
 12352 | Gauntlet | Found a transporter.
 12367 | Gauntlet | Found a runed translucent door.
 12369 | Gauntlet | Found a transporter.
 12371 | Gauntlet | Found a runed translucent door.
 12371 | Gauntlet | Noticed an entropy weaver
 12378 | Gauntlet | Found a runed translucent door.
 12379 | Gauntlet | Found a transporter.
 12380 | Gauntlet | Found a runed translucent door.
 12388 | Gauntlet | Noticed a mana viper
 12392 | Gauntlet | Found a transporter.
 12394 | Gauntlet | Noticed an orb spider
 12394 | Gauntlet | a golden eye changed into an orb spider
 12397 | Gauntlet | Noticed a fire crab
 12397 | Gauntlet | an orb spider changed into a fire crab
 12404 | Gauntlet | Found a transporter.
 12409 | Gauntlet | Noticed a sea snake
 12409 | Gauntlet | a cyclops changed into a sea snake
 12413 | Gauntlet | Noticed a large abomination
 12414 | Gauntlet | Noticed a shock serpent
 12414 | Gauntlet | Noticed a swamp dragon
 12414 | Gauntlet | a shock serpent changed into a swamp dragon
 12415 | Gauntlet | a swamp dragon changed into a faun
 12420 | Gauntlet | Noticed a glowing orange brain
 12420 | Gauntlet | a sea snake changed into a glowing orange brain
 12421 | Gauntlet | Found a transporter.
 12424 | Gauntlet | Found a transporter.
 12653 | Gauntlet | Noticed a shining eye
 12654 | Gauntlet | Found a transporter.
 12655 | Gauntlet | Noticed a death drake
 12668 | Gauntlet | Noticed a wolf spider
 12668 | Gauntlet | a shining eye changed into a wolf spider
 12669 | Gauntlet | Killed a large abomination
 12704 | Gauntlet | Noticed a harpy
 12704 | Gauntlet | a wind drake changed into a harpy
 12705 | Gauntlet | a harpy changed into a guardian serpent
 12715 | Gauntlet | a death drake changed into a dream sheep
 12740 | Gauntlet | Noticed an orb spider
 12740 | Gauntlet | a yaktaur changed into an orb spider
 12742 | Gauntlet | Identified the ring of Altruism {rN+ EV+4 SInv}
 12767 | Gauntlet | an orb spider changed into a blink frog
 13120 | Gauntlet | Noticed a minotaur
 13171 | Gauntlet | Mangled by a minotaur

Illustrated notes

Levels and vault maps discovered:
D:1:      amcnicky_arrival_abandoned_market, layout_basic
D:2:      layout_basic, ebering_ecumenical_altar_rust
D:3:      kennysheep_goblin_castle, layout_basic,
          nicolae_overflow_hidden_temple, minmay_misc_feat_tiny
D:4:      layout_cave_pools, gammafunk_temple_overflow_elements, serial_glass,
          glass_columns_a, glass_columns_a, item_on_display_a,
          uniq_crazy_yiuf_cottage
D:5:      layout_layer_cave
D:6:      minmay_diamond_boxcup, layout_cave_pools, lemuel_crystal_altar,
          serial_bayou_ford_a
D:7:      layout_basic, minmay_temple_entry_sparse_star,
          minmay_fractal_squares_diagonal_5, uniq_menkaure, uniq_pikel
D:8:      layout_basic, nicolae_overflow_crystal_walls, uniq_erica
D:9:      layout_irregular_city, cheibriados_altar_1, serial_shops,
          kennysheep_little_box
D:10:     layout_basic, chequers_big_river, nzn_sisyphean_effort
D:11:     layout_irregular_city, lair_entry_dummy, gauntlet_entry_generic,
          nicolae_trove_entry_crossroad, serial_park_tiny_2,
          kiku_gazebo_pond_becter
Gauntlet: minmay_gauntlet_77_tree [minmay_gauntlet_arena_77_run_for_it,
          minmay_gauntlet_arena_77_chump_sandwich,
          minmay_gauntlet_arena_77_checkered,
          minmay_gauntlet_arena_77_radiant_squares,
          minmay_gauntlet_arena_77_cramped, minmay_gauntlet_arena_77_shame_cube,
          minmay_gauntlet_arena_77_block_sizes,
          nicolae_gauntlet_exit_dead_adventurers]

Skill      XL: |  1  2  3  4  5  6  7  8  9 10 |
---------------+-------------------------------+-----
Axes           | 4 5 |  5.4
Armour         | 3 4 5 6 8 10 12 | 12.7
Fighting       | 4 5 6 7 9 |  9.3
Dodging        | 3 4 |  4.8
Maces & Flails | 1 3 5 8 10 12 | 12.7
Stealth        | 1 2 |  2.2
Evocations     | |  0.2

Action                   |  1- 3 |  4- 6 |  7- 9 | 10-12 || total
-------------------------+-------+-------+-------+-------++-------
Melee: Hand axe          |    74 |    21 |       |       ||    95
       Headbutt          |    14 |    23 |    40 |    48 ||   125
       Flail             |       |   118 |   213 |   223 ||   554
Throw: Dart              |       |       |       |     1 ||     1
Invok: Trog's Hand       |       |     2 |     5 |     5 ||    12
       Berserk           |       |     1 |       |     3 ||     4
Evoke: Wand              |       |       |     1 |       ||     1
  Use: Scroll            |     7 |     2 |     3 |    11 ||    23
       Potion            |       |       |     1 |     7 ||     8
 Stab: Distracted        |       |       |       |     1 ||     1
Armor: Ring mail         |    26 |    88 |       |       ||   114
       Plate armour      |       |    21 |   162 |   196 ||   379
Dodge: Dodged            |    49 |   114 |    82 |   117 ||   362

Table legend: (Time is in decaauts)
 A = Elapsed time spent in this place.
 B = Non-inter-level travel time spent in this place.
 C = Inter-level travel time spent in this place.
 D = Time resting spent in this place.
 E = Time spent auto-exploring this place.
 F = Levels seen in this place.
 G = Mean time per level.
                   A        B        C        D        E       F      G
               +--------+--------+--------+--------+--------+-----+--------+
         Total |  13189 |  13090 |     99 |   1625 |   8537 |  12 | 1099.1 |
       Dungeon |  12263 |  12164 |     99 |   1172 |   8421 |  11 | 1114.8 |
      Gauntlet |    926 |    926 |      0 |    452 |    116 |   1 |  926.0 |
               +--------+--------+--------+--------+--------+-----+--------+

Top non-repeatable levels by time:
    D:10: 1419 daAuts
     D:3: 1380 daAuts
     D:6: 1376 daAuts
     D:7: 1356 daAuts
     D:8: 1328 daAuts
     D:2: 1167 daAuts
     D:1: 1161 daAuts
     D:4: 1135 daAuts
     D:9: 1004 daAuts
Gauntlet: 926 daAuts
     D:5: 653 daAuts
    D:11: 281 daAuts
